 Dungeon Crawl Stone Soup version 0.24.0-37-gcf1ca852f1 (webtiles) character file.

Game seed: 14956251015044916831, levelgen mode: deterministic

411204 Goreval the Ruinous (level 22, -3/217 HPs)
             Began as a Grey Draconian Conjurer on Nov 26, 2019.
             Was the Champion of Ashenzari.
             Splashed by a caustic shrike's acid (7 damage)
             ... on level 4 of the Depths.
             The game lasted 06:29:31 (85257 turns).

Goreval the Ruinous (Grey Draconian Conjurer)      Turns: 85257, Time: 06:30:01

Health: -3/217     AC:  9    Str: 18    XL:     22   Next: 47%
Magic:  3/61       EV: 21    Int: 30    God:    Ashenzari [******]
Gold:   4549       SH: 16    Dex: 12    Spells: 5/55 levels left

rFire    . . .     SeeInvis +   Y - staff of conjuration (curse)
rCold    . . .     Gourm    .   I - +3 shield (curse)
rNeg     + . .     Faith    .   (armour unavailable)
rPois    .         Spirit   .   M - +2 hat (curse)
rElec    .         Reflect  .   p - +2 cloak (curse)
rCorr    .         Harm     .   F - +2 pair of gloves {Str+3}
MR       +....     Clarity  +   c - +0 pair of boots of Fortification {rN+ Str+2 Int+2} (curse)
Stlth    ++........             v - amulet of magic regeneration (curse)
HPRegen  0.46/turn              i - ring of magical power
MPRegen  0.62/turn              J - ring of Kumuoxul {MP+9 Int+5} (curse)

@: corroded, slightly contaminated
A: walk through water, unfitting armour, antennae 1, robust 1, unbreathing,
cold-blooded, MP-powered wands, AC +16
}: 2/15 runes: decaying, gossamer
a: Curse Item, Scrying, Transfer Knowledge, Renounce Religion


You were on level 4 of the Depths.
You worshipped Ashenzari.
Ashenzari was exalted by your worship.
You were hungry.

You visited 7 branches of the dungeon, and saw 39 of its levels.
You also visited: Ice Cave.

You collected 5762 gold pieces.
You spent 1213 gold pieces at shops.

Inventory:

Hand Weapons
 E - the +10 dagger "Concordance" {freeze, *Contam *Corrode Str+9 Dex+5}
   (You bought it in a shop on level 7 of the Dungeon)

   It has been specially enchanted to freeze those struck by it, causing extra
   injury to most foes and up to half again as much damage against particularly
   susceptible opponents.
   It can also slow down cold-blooded creatures.
   It affects your strength (+9).
   It affects your dexterity (+5).
   It causes magical contamination when unequipped.
   It may corrode you when you take damage.
Armour
 c - the cursed +0 pair of boots of Fortification (worn) {rN+ Str+2 Int+2}
   (You acquired it on level 4 of the Depths)

   It affects your strength (+2).
   It affects your intelligence (+2).
   It protects you from negative energy.
   It has a curse placed upon it.
 n - a cursed scarf of repulsion
 p - a cursed +2 cloak (worn)
 F - a +2 pair of gloves of strength (worn)
 I - a cursed +3 shield (worn)
 M - a cursed +2 hat (worn)
Magical Staves
 Y - a cursed staff of conjuration (weapon)
Jewellery
 f - an uncursed ring of protection from cold
 g - an uncursed ring of resist corrosion
 h - the cursed ring of Thoughtfulness {rF+++ rC+ Int-4 Slay+2 Stlth+}
   (You acquired it on level 1 of the Depths)

   [ring of protection from cold]

   It affects your intelligence (-4).
   It affects your accuracy and damage with ranged weapons and melee attacks
   (+2).
   It renders you almost immune to fire.
   It protects you from cold.
   It makes you more stealthy.
   It has a curse placed upon it.
 i - a ring of magical power (left hand)
 m - an uncursed ring of poison resistance
 v - a cursed amulet of magic regeneration (around neck)
 J - the cursed ring of Kumuoxul (right hand) {MP+9 Int+5}
   (You found it in an ice cave)

   [ring of magical power]

   It affects your intelligence (+5).
   It affects your magic capacity (+9).
   It has a curse placed upon it.
 O - an uncursed ring of protection from magic
 R - an uncursed ring of protection from fire
Wands
 s - a wand of digging (22)
 t - a wand of flame (185)
 z - a wand of disintegration (53)
 H - a wand of iceblast (19)
 K - a wand of enslavement (22)
 V - a wand of paralysis (19)
Scrolls
 a - 4 scrolls of remove curse
 e - a scroll of vulnerability
 j - 3 scrolls of blinking
 k - 13 scrolls of identify
 l - a scroll of torment
 x - 21 scrolls of teleportation
 y - 2 scrolls of fog
 G - 3 scrolls of amnesia
 L - 2 scrolls of fear
 T - 2 scrolls of magic mapping
Potions
 d - 6 potions of heal wounds
 o - 6 potions of curing
 q - 4 potions of cancellation
 r - a potion of haste
 u - 5 potions of might
 w - a potion of magic
 A - a potion of agility
 B - 4 potions of lignification
 C - 4 potions of flight
 D - 11 potions of brilliance
 Q - 4 potions of ambrosia
 U - 3 potions of resistance
 W - a potion of invisibility
Miscellaneous
 P - a sack of spiders
 S - a phial of floods
 X - 2 phantom mirrors
Comestibles
 b - 39 rations


   Skills:
 + Level 16.7 Fighting
 + Level 13.0(15.6) Dodging
 - Level 1.7(3.9) Stealth
 * Level 10.5(13.3) Shields
 + Level 17.0(20.8) Spellcasting
 + Level 21.3(23.4) Conjurations
 - Level 4.0(6.8) Hexes
 + Level 12.1(14.7) Summonings
 - Level 2.1(4.4) Translocations
 - Level 5.1(8.1) Fire Magic
   Level 0.0(0.4) Ice Magic
 * Level 10.8(13.6) Earth Magic
 - Level 9.1(12.0) Evocations


You had 5 spell levels left.
You knew the following spells:

 Your Spells              Type           Power        Failure   Level  Hunger
a - Iron Shot             Conj/Erth      ########..   1%          6    None
b - Orb of Destruction    Conj           ########..   1%          7    ###....
c - Iskenderun's Mystic   Conj           ########     0%          4    None
d - Force Lance           Conj/Tloc      ########     1%          4    None
e - Fulminant Prism       Conj/Hex       ########..   1%          4    None
f - Fireball              Conj/Fire      ########..   1%          5    None
h - Iskenderun's Battles  Conj/Chrm      ########     1%          5    None
o - Shadow Creatures      Summ           N/A          1%          6    None
x - Blink                 Tloc           N/A          1%          2    None
z - Spellforged Servitor  Conj/Summ      ########..   1%          7    ###....

Your spell library contained the following spells:

 Spells                   Type           Power        Failure   Level  Hunger
 Flame Tongue             Conj/Fire      #####        0%          1    None
 Magic Dart               Conj           ####         0%          1    None
 Summon Small Mammal      Summ           ####         0%          1    None
 Call Imp                 Summ           #######.     0%          2    None
 Searing Ray              Conj           ######       0%          2    None
 Throw Flame              Conj/Fire      ######       0%          2    None
 Call Canine Familiar     Summ           #######.     0%          3    None
 Conjure Flame            Conj/Fire      ########     0%          3    None
 Dazzling Spray           Conj/Hex       ######       0%          3    None
 Animate Skeleton         Necr           N/A          1%          1    None
 Apportation              Tloc           ######       1%          1    None
 Confusing Touch          Hex            ######       1%          1    None
 Corona                   Hex            ######.      1%          1    None
 Pain                     Necr           ####         1%          1    None
 Corpse Rot               Necr           N/A          1%          2    None
 Ensorcelled Hibernation  Hex/Ice        ######       1%          2    None
 Passwall                 Tmut/Erth      ######..     1%          2    None
 Shroud of Golubria       Chrm/Tloc      #####.       1%          2    None
 Slow                     Hex            ######..     1%          2    None
 Sublimation of Blood     Necr           ####......   1%          2    None
 Swiftness                Chrm/Air       ####....     1%          2    None
 Confuse                  Hex            ######..     1%          3    None
 Gell's Gravitas          Tloc           ######....   1%          3    None
 Ignite Poison            Fire/Tmut/Pois #####...     1%          3    None
 Inner Flame              Hex/Fire       ######..     1%          3    None
 Lesser Beckoning         Tloc           ######....   1%          3    None
 Mephitic Cloud           Conj/Pois/Air  #######.     1%          3    None
 Recall                   Summ/Tloc      N/A          1%          3    None
 Static Discharge         Conj/Air       ########     1%          3    None
 Summon Guardian Golem    Hex/Summ       #######.     1%          3    None
 Teleport Other           Tloc           ######..     1%          3    None
 Tukima's Dance           Hex            ######..     1%          3    None
 Cause Fear               Hex            ######....   1%          4    None
 Petrify                  Tmut/Erth      ######..     1%          4    None
 Sticky Flame             Conj/Fire      ########     1%          4    None
 Summon Ice Beast         Ice/Summ       ######..     1%          4    None
 Summon Lightning Spire   Summ/Air       ######..     1%          4    None
 Aura of Abjuration       Summ           #######...   1%          5    None
 Bolt of Draining         Conj/Necr      ########..   1%          5    None
 Bolt of Magma            Conj/Fire/Erth ########..   1%          5    None
 Irradiate                Conj/Tmut      ########..   1%          5    None
 Lee's Rapid Deconstruct  Erth           #######...   1%          5    None
 Lightning Bolt           Conj/Air       ########..   1%          5    None
 Summon Demon             Summ           #######...   1%          5    None
 Summon Forest            Summ/Tloc      ######....   1%          5    None
 Summon Mana Viper        Hex/Summ       #######.     1%          5    None
 Venom Bolt               Conj/Pois      ########..   1%          5    None
 Passage of Golubria      Tloc           N/A          2%          4    None
 Regeneration             Chrm/Necr      ####......   3%          3    None
 Vampiric Draining        Necr           ####......   3%          3    None
 Metabolic Englaciation   Hex/Ice        ######....   9%          5    None
 Yara's Violent Unravell  Hex/Tmut       ######....   9%          5    None
 Animate Dead             Necr           N/A          12%         4    None
 Agony                    Necr           ####....     32%         5    None
 Alistair's Intoxication  Tmut/Pois      ####....     32%         5    None
 Dispel Undead            Necr           ####....     32%         5    None
 Excruciating Wounds      Chrm/Necr      ####......   32%         5    None
 Bolt of Fire             Conj/Fire      ########..   1%          6    None
 Darkness                 Hex            ######....   13%         6    None
 Invisibility             Hex            ######..     13%         6    None
 Ring of Flames           Chrm/Fire      ######....   91%         7    ###....
 Ignition                 Fire           ######....   97%         8    #####..
 Dragon's Call            Summ           #######...   98%         9    ######.
 Shatter                  Erth           #######...   99%         9    ######.
 Dragon Form              Tmut           ####......   100%        7    ###....
 Tornado                  Air            ####......   100%        9    ######.


Dungeon Overview and Level Annotations

Branches:
Dungeon (15/15)            Temple (0/1) D:5            Lair (6/6) D:10
  Swamp (4/4) Lair:3       Spider (4/4) Lair:3        Slime (0/5) Lair:6
    Orc (2/2) D:11            Elf (0/3) Orc:2        Vaults (4/5) D:13
  Crypt (0/3) Vaults:2     Depths (4/5) D:15          IceCv (visited)

Altars:
Ashenzari
Dithmenos
Elyvilon
Fedhas
Gozag
Okawaru
Qazlal
Ru
Trog
Xom
Beogh
Jiyva
Lugonu

Shops:
D:7 (   D:11 =   Orc:1 :   Orc:2 *:([

Portals:
Hell: Depths:1 Depths:2 Depths:3
Abyss: Depths:1 Depths:3
Pandemonium: Depths:3

Annotations:
Lair:1 exclusion: 3 oklob plants
Abyss:1 Polaczum's ghost, adept TrMo


Innate Abilities, Weirdness & Mutations

You can walk through water.
Your dull iron-grey scales are very hard. (AC +16)
You cannot fit into any form of body armour.
You can survive without breathing.
You are cold-blooded and may be slowed by cold attacks.
You have a pair of small antennae on your head.
You are robust. (+10% HP)
You expend magic power (3 MP) to strengthen your wands.


Message History

The caustic shrike claws you.
* * * LOW HITPOINT WARNING * * *
You are splashed with acid!
* * * LOW HITPOINT WARNING * * *
Casting: Iron Shot (safe; 1% risk of failure)
Confirm with . or Enter, or press ? or * to list all spells.
You blink.
You block the caustic shrike's attack. The caustic shrike claws you!
* * * LOW HITPOINT WARNING * * *
The acid corrodes you!
You are splashed with acid.
* * * LOW HITPOINT WARNING * * *
Unknown command.
You feel much better. The caustic shrike claws you!!
* * * LOW HITPOINT WARNING * * *
You are splashed with acid.
* * * LOW HITPOINT WARNING * * *
The caustic shrike claws you!!
* * * LOW HITPOINT WARNING * * *
You are splashed with acid!
You die...

##########''..#.('###,≈≈
*, , ,{ { ##...###'..#
,*,* , {{,,{{
#....#[)..# *, ,* , ∆∆
,{,#.C..#....#,, , ,
,∆{∆∆{ ,#...{#/÷..#,,
*,,,, ,,∆∆∆∩∆∆
##''##.8..# ' *,* ,* ,
∆∆>>∆∆{,##''##)8..#* '
*, ,,∆∆∆{,, #....#b..(#
⌠, ,, ∆∆,,, #...()@...#,
, * ,* ,,, ,
*#....'....#, ∆, , ** {
#.(.###'..#,, * * ** *
***##..# '###,**,* , ,
**, {, #### ..*,, **,,
,* , ,{{{ * .## * ,* ,
+{{{{{** ,≈,.#,,* ** ,*
,** , ,## ,,∆ , * + ** *
* , , ,,


You could see a caustic shrike.

Vanquished Creatures
  Mara (Depths:2)
  Boris (twice) (Vaults:2 Depths:4)
  Saint Roka (Depths:3)
  2 golden dragons
  Nikola (Swamp:1)
  2 liches
  2 tentacled monstrosities
  Rupert (Lair:4)
  Asterion (Spider:1)
  A quicksilver dragon (Depths:3)
  Frances (Swamp:1)
  2 sphinxes
  2 shadow dragons
  2 thorn hunters
  Roxanne (Swamp:1)
  2 tengu reavers
  A storm dragon (Depths:3)
  Donald (Swamp:1)
  6 fire giants
  An orc warlord (Orc:2)
  2 emperor scorpions
  4 ghost moths
  8 frost giants
  4 vault wardens
  A deep elf sorcerer (Vaults:3)
  A draconian knight (Depths:1)
  A ghoul (Vaults:2)
  A deep elf elementalist (Depths:4)
  Aizul (Swamp:1)
  12 very ugly things
  8 entropy weavers
  6 ironheart preservers
  11 stone giants
  A deep elf annihilator (Depths:4)
  Nessos (Lair:5)
  4 vampire knights
  Azrael (Spider:1)
  5 spark wasps
  Snorg (D:12)
  4 ettins
  6 fire dragons
  4 yaktaur captains
  A deep elf high priest (Depths:3)
  10 great orbs of eyes
  8 ice dragons
  Harold (D:7)
  19 hydras
  7 vault guards
  A rakshasa (Depths:1)
  A shambling mangrove (Swamp:3)
  6 ogre magi
  2 ghost crabs
  22 two-headed ogres
  4 death knights
  9 centaur warriors
  A death yak (Lair:5)
  4 deep troll shamans
  13 alligators
  A vampire mage (Depths:1)
  5 tengu warriors
  2 orc high priests (Orc:2)
  10 skeletal warriors
  9 deep elf knights
  A fire crab (shapeshifter) (Vaults:2)
  6 spriggans
  A storm dragon skeleton (Vaults:2)
  5 shadow wraiths
  3 glowing orange brains
  8 unseen horrors
  7 deep trolls
  2 flayed ghosts
  5 deep elf archers
  10 ironbrand convokers
  An unseen horror (shapeshifter) (Vaults:2)
  3 spriggan druids
  13 swamp dragons
  3 wizards
  2 lindwurms
  5 harpies (Vaults:3)
  Pikel (D:8)
  22 orb spiders
  43 ugly things
  16 deep elf magi
  13 orc knights
  3 human zombies (Vaults:2)
  3 oklob plants
  4 necromancers
  34 wolf spiders
  2 manticores
  4 orc sorcerers
  A wolf spider zombie (D:14)
  A moth of wrath (shapeshifter) (Vaults:3)
  3 moths of wrath
  6 cyclopes
  2 ice statues (IceCv)
  A frost giant skeleton (Vaults:2)
  5 vault sentinels
  2 elf zombies (Depths:4)
  A torpor snail (Spider:3)
  An elephant (Lair:5)
  6 black mambas
  A gargoyle (D:13)
  5 spectral swamp worms
  2 molten gargoyles (Lair:6)
  12 demonic crawlers
  A rime drake (shapeshifter) (Depths:2)
  22 spiny frogs
  7 freezing wraiths
  A kobold demonologist (D:12)
  A komodo dragon (shapeshifter) (D:14)
  31 yaktaurs
  A spark wasp simulacrum (Depths:4)
  8 rime drakes
  2 efreet (D:13)
  10 komodo dragons
  3 tengu conjurers
  2 queen bees
  A polar bear (Lair:6)
  25 jumping spiders
  6 meliai
  A wolf spider simulacrum (D:14)
  10 trolls
  13 tyrant leeches
  Grinder (D:5)
  A sphinx simulacrum (Vaults:2)
  15 blink frogs
  A harpy skeleton (D:15)
  8 dream sheep (Lair:6)
  15 hornets
  A hornet (shapeshifter) (D:13)
  A raiju (shapeshifter) (Vaults:2)
  10 bog bodies
  6 hippogriffs
  32 slime creatures
  4 wraiths
  4 hogs (D:7)
  4 shadows
  A tarantella (shapeshifter) (Vaults:2)
  34 yaks
  16 tarantellas
  Eustachio (D:5)
  40 redbacks
  A human (D:7)
  A basilisk (shapeshifter) (D:14)
  6 basilisks
  6 fire bats (Depths:1)
  A fire elemental (Spider:1)
  8 wyverns
  3 steam dragons
  A hungry ghost (D:15)
  An elf skeleton (Depths:4)
  9 vampire mosquitoes
  5 wargs
  Edmund (D:6)
  9 insubstantial wisps
  17 swamp worms
  2 acid dragons
  A soldier ant (D:11)
  16 water moccasins
  Duvessa (D:5)
  8 hell hounds
  14 porcupines
  9 swamp drakes
  5 black bears
  20 ice beasts
  40 orc warriors
  5 sky beasts
  A phantom (D:4)
  3 slaves (D:8)
  A black bear (shapeshifter) (Depths:3)
  A tengu (shapeshifter) (Vaults:2)
  2 eyes of draining
  A wolf (shapeshifter) (Vaults:1)
  24 centaurs
  25 ogres
  4 boggarts
  24 wolves
  19 crocodiles
  Blork the orc (D:5)
  3 big kobolds
  2 earth elementals (Spider:2)
  A wyvern zombie (D:14)
  14 bullfrogs
  A human skeleton (Vaults:2)
  Dowan (D:5)
  A scorpion (D:5)
  51 killer bees
  A killer bee (shapeshifter) (Vaults:2)
  An electric eel (Lair:4)
  23 wights
  3 howler monkeys
  9 crimson imps
  5 lava snakes (Lair:6)
  2 centaur zombies
  A hound (D:11)
  2 human simulacra (Vaults:2)
  19 orc priests
  2 jellies (D:8)
  A bullfrog zombie (D:8)
  Crazy Yiuf (D:6)
  2 centaur skeletons
  25 orc wizards
  Jessica (D:2)
  7 iguanas
  13 worker ants
  Natasha (thrice) (D:3)
  4 hell rats (Lair:4)
  2 hound skeletons (D:4)
  2 worker ant zombies
  Robin (D:3)
  4 gnolls (D:4)
  A howler monkey skeleton (D:9)
  15 adders
  6 shadow imps
  4 oozes
  An adder zombie (D:8)
  An adder skeleton (D:6)
  2 worms
  8 dart slugs
  4 leopard geckos
  123 orcs
  3 giant cockroaches
  16 hobgoblins
  17 jackals
  32 kobolds
  5 quokkas
  9 bats
  5 frilled lizards
  21 goblins
  A leopard gecko zombie (D:6)
  A quokka skeleton (D:5)
  6 rats
  A fungus (Orc:2)
  3 plants (Lair:6)
1654 creatures vanquished.

Vanquished Creatures (collateral kills)
  Mennas (Vaults:1)
  Sojobo (Depths:1)
  Arachne (Spider:4)
  2 tentacled monstrosities
  A lich (Depths:4)
  A quicksilver dragon (Depths:4)
  A tengu reaver (Depths:4)
  2 fire giants
  3 frost giants
  An iron dragon (Depths:4)
  An emperor scorpion (Spider:4)
  5 vault wardens
  3 ironheart preservers
  A spriggan defender (Depths:2)
  6 stone giants
  4 entropy weavers
  18 very ugly things
  A vampire knight (Depths:2)
  2 spark wasps (Depths:3)
  A deep elf death mage (Vaults:4)
  4 ettins
  6 yaktaur captains
  4 fire dragons
  A deep elf high priest (Depths:4)
  A great orb of eyes (Depths:2)
  A hydra (Swamp:2)
  4 ice dragons
  2 spriggan air magi
  A shambling mangrove (Swamp:4)
  6 centaur warriors
  2 vault guards
  A death knight (Vaults:2)
  A dancing weapon (Depths:1)
  A rakshasa (Depths:2)
  9 two-headed ogres
  5 ogre magi
  A deep troll shaman (Vaults:1)
  A tengu warrior (Depths:3)
  2 spriggan berserkers (Depths:4)
  2 deep elf knights (Vaults:3)
  5 iron trolls
  A wizard (Vaults:3)
  6 deep trolls
  A spriggan druid (Swamp:4)
  A swamp dragon (Swamp:4)
  4 orc knights
  4 ironbrand convokers
  5 orb spiders
  2 deep elf archers (Vaults:3)
  A necromancer (Vaults:2)
  14 ugly things
  An orc sorcerer (Depths:3)
  12 wolf spiders
  7 deep elf magi
  5 vault sentinels
  A spiny frog (Swamp:2)
  19 yaktaurs
  3 freezing wraiths
  2 demonic crawlers
  A tengu conjurer (Depths:2)
  7 jumping spiders
  4 hornets
  A tyrant leech (Swamp:4)
  A wind drake (shapeshifter) (Vaults:4)
  11 slime creatures
  9 redbacks
  3 spriggans
  4 tarantellas
  A water elemental (Depths:3)
  An insubstantial wisp (Swamp:4)
  6 swamp drakes
  3 orc warriors
  An ogre (Depths:3)
  2 boggarts (Vaults:2)
  11 centaurs
  2 earth elementals (Spider:2)
  A human skeleton (Vaults:2)
  A crimson imp (Depths:3)
  An orc priest (Vaults:4)
  An orc wizard (Depths:3)
  6 orcs
  2 fulminant prisms
285 creatures vanquished.

Vanquished Creatures (others)
  A yaktaur captain (Vaults:1)
  An alligator (Swamp:4)
  A spiny frog (Swamp:4)
  An orc warrior (Vaults:3)
  91 fulminant prisms
  23 fungi
  3 plants
121 creatures vanquished.

Grand Total: 2060 creatures vanquished

Notes
Turn   | Place    | Note
-------+----------+-------------------------------------------
     0 | D:1      | Goreval the Draconian Conjurer began the quest for the Orb.
     0 | D:1      | Reached XP level 1. HP: 14/14 MP: 3/3
   197 | D:1      | Reached XP level 2. HP: 16/20 MP: 3/5
   861 | D:1      | Reached XP level 3. HP: 26/26 MP: 0/6
   865 | D:1      | Learned a level 2 spell: Searing Ray
  1774 | D:2      | Reached skill level 5 in Conjurations
  1933 | D:2      | Found a shimmering altar of Xom.
  1934 | D:2      | Found a shimmering altar of Xom.
  1934 | D:2      | Found a shimmering altar of Xom.
  1935 | D:2      | Found a shimmering altar of Xom.
  1935 | D:2      | Found a shimmering altar of Xom.
  1936 | D:2      | Found a shimmering altar of Xom.
  2379 | D:2      | Noticed an ice beast
  2445 | D:2      | Noticed Jessica
  2461 | D:2      | Reached XP level 4. HP: 33/33 MP: 5/8
  2594 | D:2      | Killed an ice beast
  2594 | D:2      | Reached XP level 5. HP: 10/38 MP: 2/9
  3075 | D:2      | Killed Jessica
  3075 | D:2      | Reached skill level 6 in Conjurations
  3191 | D:3      | Noticed Natasha
  3197 | D:3      | Killed Natasha
  3589 | D:3      | Found a white marble altar of Elyvilon.
  3734 | D:3      | Noticed Robin
  3738 | D:3      | Killed Robin
  3744 | D:3      | Reached XP level 6. HP: 45/45 MP: 1/11
  3763 | D:3      | Noticed Natasha
  3901 | D:3      | Killed Natasha
  3928 | D:3      | Found a roughly hewn altar of Beogh.
  4465 | D:3      | Reached skill level 7 in Conjurations
  4551 | D:3      | Noticed Natasha
  4555 | D:3      | Killed Natasha
  4726 | D:5      | Entered Level 5 of the Dungeon
  4789 | D:4      | Learned a level 3 spell: Dazzling Spray
  4794 | D:4      | Learned a level 4 spell: Force Lance
  5015 | D:5      | Reached skill level 1 in Fighting
  5015 | D:5      | Your scales start taking on a dull iron-grey colour.
  5015 | D:5      | Reached XP level 7. HP: 52/52 MP: 8/13
  5015 | D:5      | Gained mutation: You can survive without breathing. [Grey
                  | Draconian growth]
  5112 | D:5      | Reached skill level 1 in Hexes
  5217 | D:4      | Learned a level 4 spell: Fulminant Prism
  5240 | D:4      | Found a shattered altar of Ashenzari.
  5289 | D:4      | Became a worshipper of Ashenzari the Shackled
  5381 | D:4      | Reached skill level 1 in Translocations
  5786 | D:5      | Noticed Blork the orc
  5871 | D:5      | Killed Blork the orc
  6148 | D:5      | Noticed Grinder
  6159 | D:5      | Paralysed by Grinder for 6 turns
  6166 | D:5      | Killed Grinder
  6166 | D:5      | Reached XP level 8. HP: 51/62 MP: 14/15
  6352 | D:5      | Noticed Eustachio
  6398 | D:5      | Killed Eustachio
  6539 | D:5      | Reached skill level 5 in Spellcasting
  6652 | D:5      | Found a shadowy altar of Dithmenos.
  6795 | D:5      | Found a staircase to the Ecumenical Temple.
  6832 | D:5      | Reached skill level 8 in Conjurations
  7295 | D:5      | Noticed Duvessa
  7297 | D:5      | Noticed Dowan
  7304 | D:5      | Killed Duvessa
  7306 | D:5      | Killed Dowan
  7336 | D:5      | Found an iron altar of Okawaru.
  7671 | D:6      | Found a runed translucent door.
  7672 | D:6      | Noticed Crazy Yiuf
  7679 | D:6      | Killed Crazy Yiuf
  7740 | D:6      | Reached XP level 9. HP: 52/70 MP: 17/18
  7937 | D:6      | Noticed Edmund
  7962 | D:6      | Killed Edmund
  8272 | D:6      | Reached * piety under Ashenzari
  8457 | D:6      | Found a bloodstained altar of Trog.
  8717 | D:6      | Reached skill level 9 in Conjurations
  9301 | D:7      | Noticed a green ugly thing
  9362 | D:7      | Killed a green ugly thing
  9362 | D:7      | Reached skill level 5 in Fighting
  9473 | D:7      | Found a runed translucent door.
  9491 | D:7      | Found Unaoni Maaj's Antique Weapon Emporium.
  9515 | D:7      | Bought a polished dagger for 231 gold pieces
  9544 | D:7      | Identified the +10 dagger "Concordance" {freeze, *Contam
                  | *Corrode Str+9 Dex+5} (You bought it in a shop on level 7
                  | of the Dungeon)
  9709 | D:7      | Paralysed by a hornet for 3 turns
  9715 | D:7      | Gained mutation: Your magical capacity is low. (-10% MP)
                  | [potion of mutation]
  9715 | D:7      | Gained mutation: You are resistant to hostile enchantments.
                  | (MR+) [potion of mutation]
  9715 | D:7      | Gained mutation: You have a pair of small horns on your
                  | head. [potion of mutation]
  9966 | D:8      | Lost mutation: Your magical capacity is low. (-10% MP)
                  | [potion of mutation]
  9966 | D:8      | Lost mutation: You have a pair of small horns on your head.
                  | [potion of mutation]
  9966 | D:8      | Lost mutation: You are resistant to hostile enchantments.
                  | (MR+) [potion of mutation]
  9966 | D:8      | Gained mutation: You have a pair of small antennae on your
                  | head. [potion of mutation]
  9966 | D:8      | Gained mutation: Your spells are a little harder to cast,
                  | but a little more powerful. [potion of mutation]
  9966 | D:8      | Gained mutation: You expend magic power (3 MP) to
                  | strengthen your wands. [potion of mutation]
  9966 | D:8      | Gained mutation: You are robust. (+10% HP) [potion of
                  | mutation]
  9988 | D:8      | Reached skill level 5 in Dodging
  9999 | D:8      | Found a sacrificial altar of Ru.
 10036 | D:8      | Reached XP level 10. HP: 89/89 MP: 17/20
 10104 | D:8      | Reached skill level 1 in Short Blades
 10299 | D:8      | Found a stormy altar of Qazlal.
 10355 | D:8      | Noticed a seven-headed hydra
 10375 | D:8      | HP: 4/91 [seven-headed hydra (15)]
 11287 | D:7      | Noticed Harold
 11289 | D:7      | Identified the +4 short sword "Veschif" {freeze, *Noise
                  | +Fly Dex+4}
 11526 | D:7      | Reached skill level 10 in Conjurations
 11558 | D:7      | Killed Harold
 12172 | D:7      | Found a roughly hewn altar of Beogh.
 12308 | D:8      | Noticed Pikel
 12581 | D:8      | Killed a seven-headed hydra
 12581 | D:8      | Reached XP level 11. HP: 73/100 MP: 14/23
 12795 | D:8      | Killed Pikel
 12824 | D:8      | Found an opulent altar of Gozag.
 13519 | D:9      | Reached ** piety under Ashenzari
 13799 | D:10     | Entered Level 10 of the Dungeon
 13873 | D:10     | Noticed a two-headed ogre
 13881 | D:10     | Killed a two-headed ogre
 14180 | D:10     | Found a staircase to the Lair.
 14376 | D:10     | Found a blossoming altar of Fedhas.
 14464 | D:11     | Noticed a purple ugly thing
 14487 | D:10     | Killed a purple ugly thing
 14487 | D:10     | Reached skill level 11 in Conjurations
 14556 | D:12     | Noticed a brown ugly thing
 14566 | D:12     | Killed a brown ugly thing
 14646 | D:12     | Noticed an orc knight
 14785 | D:11     | Noticed a four-headed hydra
 14796 | D:11     | Killed a four-headed hydra
 14857 | D:11     | Identified the ring of Oddoemoh {+Blink rN+++ Int-3 Dex+4
                  | Stlth+}
 15034 | D:11     | Reached *** piety under Ashenzari
 15045 | D:11     | Found Laes's Jewellery Shop.
 15181 | D:11     | Found a staircase to the Orcish Mines.
 15195 | Orc:1    | Entered Level 1 of the Orcish Mines
 15234 | Orc:1    | Noticed a two-headed ogre
 15247 | Orc:1    | Killed a two-headed ogre
 15264 | Orc:1    | Found a frozen archway.
 15268 | Orc:1    | Found Ducwuluvu's Book Shop.
 15358 | IceCv    | Entered an ice cave
 15428 | IceCv    | Reached XP level 12. HP: 113/113 MP: 21/25
 16049 | IceCv    | Reached skill level 12 in Conjurations
 16147 | IceCv    | Noticed an ice dragon
 16148 | IceCv    | Noticed an ice dragon
 16193 | IceCv    | Killed an ice dragon
 16553 | IceCv    | Identified the ring of Kumuoxul {MP+9 Int+5}
 16570 | IceCv    | Killed an ice dragon
 16765 | Lair:1   | Entered Level 1 of the Lair of Beasts
 16827 | Lair:1   | Noticed a five-headed hydra
 16843 | Lair:1   | Killed a five-headed hydra
 17176 | Orc:1    | Bought a book of the Tempests for 910 gold pieces
 18209 | Lair:1   | Reached skill level 13 in Conjurations
 18777 | Lair:2   | Reached **** piety under Ashenzari
 18784 | Lair:2   | Identified 4 scrolls of acquirement
 18837 | Lair:2   | Learned a level 5 spell: Fireball
 19640 | Lair:2   | Reached skill level 1 in Fire Magic
 19731 | Lair:2   | Reached XP level 13. HP: 83/124 MP: 26/26
 19905 | Lair:3   | Reached skill level 10 in Spellcasting
 19913 | Lair:3   | Found a staircase to the Swamp.
 19977 | Lair:2   | Reached skill level 10 in Fighting
 20579 | Lair:3   | Found a hole to the Spider Nest.
 21302 | Lair:4   | Reached ***** piety under Ashenzari
 21354 | Lair:4   | Noticed Rupert
 21574 | Lair:4   | Killed Rupert
 22655 | Lair:5   | Reached skill level 5 in Fire Magic
 22755 | Lair:5   | Noticed Nessos
 22760 | Lair:5   | Killed Nessos
 22930 | Lair:5   | Reached skill level 14 in Conjurations
 23549 | Lair:5   | Identified the +1 leather armour of Zoway {rElec MR+ Str+8
                  | Dex-4}
 24729 | Lair:6   | Entered Level 6 of the Lair of Beasts
 24828 | Lair:6   | Learned a level 4 spell: Iskenderun's Mystic Blast
 24856 | Lair:6   | Learned a level 4 spell: Summon Ice Beast
 24900 | Lair:6   | Found a staircase to the Slime Pits.
 24900 | Lair:6   | Found a viscous altar of Jiyva.
 24924 | Lair:6   | Reached XP level 14. HP: 133/133 MP: 24/28
 24999 | Lair:6   | Reached skill level 1 in Summonings
 24999 | Lair:6   | Reached skill level 1 in Ice Magic
 25337 | Lair:6   | Found a large runed translucent door.
 25338 | Lair:6   | Found a large runed translucent door.
 27634 | D:11     | Lost mutation: Your spells are a little harder to cast, but
                  | a little more powerful. [mutagenic glow]
 28595 | D:12     | Identified the cursed +0 ring mail of Uwucut {-Cast +Inv
                  | Dex+2}
 28601 | D:12     | Noticed a frost giant
 28859 | D:12     | Noticed Snorg
 28867 | D:12     | Killed Snorg
 28867 | D:12     | Reached skill level 15 in Conjurations
 29482 | D:12     | Noticed a fire giant
 29501 | D:12     | Killed a fire giant
 30053 | D:12     | Killed a frost giant
 30205 | D:11     | Learned a level 2 spell: Blink
 31036 | D:13     | Learned a level 5 spell: Iskenderun's Battlesphere
 31949 | D:13     | Reached XP level 15. HP: 140/140 MP: 22/30
 31958 | D:13     | Learned a level 6 spell: Iron Shot
 32203 | D:13     | Found a gate to the Vaults.
 32216 | D:13     | Reached skill level 1 in Earth Magic
 34271 | D:15     | Entered Level 15 of the Dungeon
 34423 | D:14     | Reached skill level 5 in Shields
 35290 | D:15     | Found a staircase to the Depths.
 35290 | D:15     | Noticed a fire giant
 35296 | D:15     | Killed a fire giant
 35296 | D:15     | Reached skill level 5 in Earth Magic
 36263 | D:15     | Found the +3 robe of Clouds {+Thunder rCloud rElec}
 36872 | Orc:2    | Entered Level 2 of the Orcish Mines
 36872 | Orc:2    | Found a staircase to the Elven Halls.
 36872 | Orc:2    | Found Bohaerph's Book Shop.
 37902 | Orc:1    | Reached skill level 16 in Conjurations
 38531 | Orc:2    | Noticed an orc warlord
 38651 | Orc:2    | Killed an orc warlord
 38985 | Orc:2    | Found Arghus's General Store.
 39214 | Orc:2    | Bought a scroll of remove curse for 36 gold pieces
 39214 | Orc:2    | Bought a potion of curing for 36 gold pieces
 39554 | Orc:2    | Reached XP level 16. HP: 128/151 MP: 32/32
 39662 | Orc:2    | Found Tago Vaa's Antique Weapon Emporium.
 40149 | Orc:2    | Found Qiotwif's Antique Armour Boutique.
 40528 | Swamp:1  | Entered Level 1 of the Swamp
 41249 | Swamp:1  | Noticed a thorn hunter
 41405 | Lair:3   | Killed a thorn hunter
 41985 | Swamp:1  | Noticed Roxanne
 42041 | Swamp:1  | Noticed Aizul
 42072 | Swamp:1  | Killed Aizul
 42162 | Swamp:1  | Noticed Frances
 42211 | Swamp:1  | Killed Frances
 42437 | Swamp:1  | Killed Roxanne
 42541 | Swamp:1  | Identified the cursed -5 shield of the Pit {Int+4}
 42541 | Swamp:1  | Noticed Donald
 42547 | Swamp:1  | Killed Donald
 42555 | Swamp:1  | Noticed Nikola
 42742 | Swamp:1  | Killed Nikola
 43802 | Swamp:2  | Learned a level 7 spell: Spellforged Servitor
 44329 | Swamp:3  | Noticed a thorn hunter
 44335 | Swamp:3  | Killed a thorn hunter
 45540 | Swamp:3  | Noticed a tentacled monstrosity
 45562 | Swamp:3  | Killed a tentacled monstrosity
 45823 | Swamp:4  | Entered Level 4 of the Swamp
 45866 | Swamp:4  | Reached ****** piety under Ashenzari
 46583 | Swamp:4  | Reached skill level 17 in Conjurations
 46585 | Swamp:4  | Reached XP level 17. HP: 162/162 MP: 7/34
 47075 | Swamp:4  | Reached skill level 5 in Summonings
 49241 | Swamp:4  | Got a decaying rune of Zot
 49552 | Spider:1 | Entered Level 1 of the Spider Nest
 49999 | Spider:1 | Noticed Azrael
 50345 | Spider:1 | Killed Azrael
 52943 | Spider:1 | Noticed Asterion
 52954 | Spider:1 | Killed Asterion
 55329 | Spider:2 | Reached XP level 18. HP: 177/177 MP: 19/36
 56188 | Spider:4 | Entered Level 4 of the Spider Nest
 56542 | Spider:3 | Learned a level 7 spell: Orb of Destruction
 57372 | Spider:3 | Reached skill level 18 in Conjurations
 58695 | Spider:4 | Reached skill level 15 in Fighting
 59282 | Spider:4 | Reached skill level 15 in Spellcasting
 59287 | Spider:4 | Reached skill level 1 in Evocations
 60763 | Spider:4 | Noticed Arachne
 60932 | Spider:4 | Killed Arachne
 62354 | Spider:4 | Got a gossamer rune of Zot
 62554 | Vaults:1 | Entered Level 1 of the Vaults
 63122 | Vaults:1 | Reached skill level 10 in Dodging
 64747 | Vaults:1 | Reached XP level 19. HP: 166/188 MP: 16/38
 66338 | Vaults:2 | Noticed Boris
 66583 | Vaults:2 | Killed Boris
 66583 | Vaults:2 | Reached skill level 19 in Conjurations
 66896 | Vaults:2 | Reached skill level 10 in Summonings
 67117 | Vaults:2 | Reached skill level 5 in Evocations
 69311 | Vaults:2 | Noticed Mennas
 69684 | Vaults:1 | Killed Mennas
 71750 | Vaults:2 | Reduced skill Fire Magic to level 5
 71768 | Vaults:2 | Reached XP level 20. HP: 198/198 MP: 33/39
 71842 | Vaults:2 | Found a staircase to the Crypt.
 73508 | Vaults:3 | Identified the +9 shortbow of Courage {freeze, +Blink rElec
                  | Int-4}
 73591 | Vaults:3 | Reached skill level 20 in Conjurations
 74692 | Vaults:4 | Learned a level 6 spell: Shadow Creatures
 76697 | Depths:1 | Entered Level 1 of the Depths
 76792 | Depths:1 | Found a gateway to Hell.
 76932 | Depths:1 | Noticed Sojobo
 77506 | Depths:1 | Killed Sojobo
 77649 | Depths:1 | Found a corrupted altar of Lugonu.
 77866 | Depths:1 | Found a one-way gate to the infinite horrors of the Abyss.
 78015 | Depths:1 | Paralysed by a vampire knight for 3 turns
 78026 | Depths:1 | Paralysed by a vampire knight for 7 turns
 78482 | Depths:1 | Identified the cursed amulet "Umitou" {Spirit rElec rF-
                  | rC+} (You acquired it on level 1 of the Depths)
 78544 | Depths:1 | Found a runed translucent door.
 78544 | Depths:1 | Found a shimmering altar of Xom.
 78544 | Depths:1 | Noticed Polaczum's ghost (adept TrMo)
 78556 | Depths:1 | Banished Polaczum's ghost
 78614 | Depths:1 | Identified the ring "Quner" {Wiz rElec}
 78618 | Depths:1 | Reached XP level 21. HP: 164/206 MP: 14/41
 79589 | Depths:1 | Reached skill level 21 in Conjurations
 79985 | Depths:1 | Identified the cursed ring of Thoughtfulness {rF+++ rC+
                  | Int-4 Slay+2 Stlth+} (You acquired it on level 1 of the
                  | Depths)
 80004 | Depths:1 | Reduced skill Ice Magic to level 1
 80518 | Depths:2 | Found a blossoming altar of Fedhas.
 80615 | Depths:2 | Noticed Mara
 80621 | Depths:2 | Noticed Goreval's illusion
 80865 | Depths:2 | Killed Mara
 81669 | Depths:2 | Noticed a golden dragon
 81678 | Depths:2 | Killed a golden dragon
 82425 | Depths:3 | Noticed Saint Roka
 82456 | Depths:3 | Killed Saint Roka
 82859 | Depths:3 | Noticed a golden dragon
 82878 | Depths:3 | Killed a golden dragon
 83219 | Depths:3 | Reached XP level 22. HP: 201/215 MP: 35/42
 83318 | Depths:3 | Identified the +2 broad axe of Tetwurche {flame, *Corrode
                  | +Inv rC+ Int+6}
 83336 | Depths:3 | Identified the +7 great mace "Gofaruew" {crush, rF++}
 83418 | Depths:3 | Reached skill level 10 in Earth Magic
 84069 | Depths:3 | Found a one-way gate leading to the halls of Pandemonium.
 84090 | Depths:3 | Reached skill level 10 in Shields
 84280 | Depths:4 | Noticed Boris
 84286 | Depths:4 | Killed Boris
 85053 | Depths:4 | Identified the cursed +0 pair of boots of Fortification
                  | {rN+ Str+2 Int+2} (You acquired it on level 4 of the
                  | Depths)
 85223 | Depths:4 | Identified the +10 trident of Slow Death {protect, *Contam
                  | Dex+7}
 85233 | Depths:4 | Noticed a caustic shrike
 85257 | Depths:4 | HP: 4/217 [caustic shrike (22)]
 85257 | Depths:4 | Splashed by a caustic shrike's acid

Levels and vault maps discovered:
D:1:      sevenhm_arrival_forest_fort_large_2, layout_loops_ring,
          minmay_misc_feat_secret_circle, minmay_tromino_i4
D:2:      cheibrodos_greedy_goblins, layout_basic, xom_redecorated,
          first_ration, uniq_jessica
D:3:      cheibrodos_helix_gallery, layout_loops_ring, lemuel_doored_altar,
          kennysheep_orc_chapel, uniq_robin, uniq_natasha
D:4:      layout_cave_pools, nicolae_ashenzari_panopticon, minmay_cut_off
D:5:      layout_basic, kennysheep_little_box, lemuel_crystal_altar,
          temple_statues, minmay_liquid_box, minmay_misc_feat_x, uniq_eustachio,
          uniq_grinder, uniq_blork_the_orc, uniq_duvessa
D:6:      layout_cave_pools, trog_hazing_becter, uniq_crazy_yiuf_cottage,
          uniq_edmund
D:7:      layout_loops_ring, serial_shops, shop, serial_bayou_pond_d,
          grunt_livestock, lightli_church_of_beogh, uniq_harold
D:8:      minmay_bloctagon_deflated, layout_loops_ring, lemuel_crystal_altar,
          lemuel_crystal_altar, overflow_temple_1_default, uniq_pikel
D:9:      layout_cave_pools
D:10:     layout_rooms, grunt_lair_entry_orc_guard_hut, fedhas_altar_2
D:11:     layout_grid_maze, orc_0_dummy, serial_shops, kennysheep_mini_moat
D:12:     minmay_containers, layout_loops_corners, gauntlet_entry_generic,
          uniq_snorg
D:13:     layout_long_grid, lightli_vaults_fourway_checkpoint,
          minmay_pinched_square
D:14:     layout_basic
D:15:     grunt_enter_depths_giant_problem, layout_loops_corners,
          chequers_serial_rivers_large_a
Lair:1:   layout_loops_ring, beast_lair_carwin_3, grunt_megastairs_4,
          minmay_lair_oklob_chamber, lemuel_fruit_fields
Lair:2:   layout_cave_pods
Lair:3:   layout_gridlike, skrybe_swamp_entry_bodies, spider_nest_entry_a,
          special_room [special_room_bee]
Lair:4:   layout_regular_city, serial_bayou_shore_a, grunt_megastairs_5,
          lemuel_fruit_fields, uniq_rupert
Lair:5:   regret_index_tunnel_blossom, layout_hall_layers,
          infiniplex_staircase_pool_2, uniq_nessos
Lair:6:   cheibrodos_lair_end_hotspot, layout_loops_ring, slime_altar_1
Swamp:1:  layout_basic_swamp, serial_swamp_ruin, evilmike_swamp_ruin_house_5,
          hangedman_swamp_ruin_wall, evilmike_swamp_ruin_house_6, uniq_nikola,
          uniq_roxanne, uniq_aizul, uniq_frances, uniq_donald
Swamp:2:  layout_basic_swamp, evilmike_swamp_ruin_house_4
Swamp:3:  cheibrodos_swamp_monstrosity, layout_falls_marsh,
          hangedman_swamp_ruin_hall, swamp_pool2, nicolae_swamp_trees_clearing
Swamp:4:  swamp, layout_basic_swamp
Spider:1: spider_temple_joshua, uniq_asterion, uniq_azrael
Spider:2: layout_spider_delve, hangedman_stitches_earthworm
Spider:3: layout_spider_delve
Spider:4: johnstein_spider_rune_arachne_lair
Orc:1:    minmay_goldmine, layout_caves, portal_ice_cave_rime, serial_shops,
          nicolae_shop_window_shopping, mines_bat_river
Orc:2:    grunt_orc_gardens, layout_caves, grunt_orc_garden, grunt_orc_garden,
          grunt_orc_garden, grunt_orc_garden
Vaults:1: ontoclasm_vaults_ligature, v_pattern_4, vaults_room_ringed_pool,
          v_misc_19, vaults_mumra_minichess, vaults_room_door_hall,
          ontoclasm_vaults_claustrophobia, nicolae_vaults_sealed_display,
          layout_vaults_quadrants, serial_shops, bzr_firewalk
Vaults:2: v_misc_12, v_rooms_1, nicolae_vaults_asterisk,
          vaults_room_grunt_arrival_ludios, nicolae_vaults_arrows,
          nicolae_vaults_stairing_the_circle, blue_anna_dwarven_crypt,
          nicolae_vaults_big_angled_halls, v_pattern_3, v_alt_pattern_4,
          nicolae_vaults_angled_halls, v_misc_23, vaults_dpeg_diagonal,
          nicolae_vaults_diagonal_hallway_7, layout_vaults_maze, uniq_mennas,
          uniq_boris
Vaults:3: nicolae_vaults_big_angled_halls,
          vaults_standard_mumra_enter_the_diamond, vaults_room_grid, v_misc_18,
          v_rooms_4, v_misc_27, v_misc_16, v_misc_31, hangedman_vaults_slice,
          layout_vaults_omnicross
Vaults:4: v_misc_22, nicolae_vaults_three_branches,
          nicolae_vaults_circle_grid_a, vaults_mumra_chevron,
          nicolae_vaults_circle_grid_b, st_cells, hangedman_vaults_impose,
          v_misc_9, nicolae_vaults_mini_display_case,
          nicolae_vaults_network_square, v_alt_pattern_6, v_rooms_5,
          vaults_room_stairs_pillars, vaults_dpeg_encased_lava,
          layout_vaults_ring
Depths:1: grunt_x_marks_the_spot, layout_basic, abyss_entry_flame_altar,
          pf_coc_iceberg, minmay_stone_trees_small, ebering_ghost_xom,
          grunt_ministairs_13, sword_in_stone
Depths:2: hangedman_stitches_corridor, layout_cave_shapes, serial_column_ruins,
          column_ruins_temple_hall, column_ruins_corridor_straight,
          column_ruins_columns_straight, column_ruins_grid_2,
          column_ruins_open_medium, column_ruins_corridor_straight,
          pf_hell_entry_tar_river, hangedman_glass_teeth,
          minmay_staircase_statues, firewood_loft, uniq_mara
Depths:3: minmay_fractal_lines_corner, layout_gridlike,
          ebering_dispersal_statue_hall, pan_entry, abyss_entry_crystal,
          pf_dread_powers_of_hell, chequers_serial_rivers_room_b,
          serial_bayou_shore_b, infiniplex_staircase_x, uniq_saint_roka
Depths:4: grunt_runaround [grunt_runaround_doors_1, grunt_runaround_doors_2,
          grunt_runaround_doors_3, grunt_runaround_doors_4,
          grunt_runaround_loot], abyss_entry, hell_entry

Skill      XL: |  1  2  3  4  5  6  7  8  9 10 11 12 13 14 15 16 17 18 19 20 21 22 |
---------------+-------------------------------------------------------------------+-----
Conjurations   | 5 6 7 8 9 10 11 13 14 15 16 17 18 19 20 21 | 21.3
Spellcasting   | 3 4 6 7 8 9 10 11 12 13 14 15 16 17 | 17.0
Dodging        | 2 3 5 6 7 8 9 10 11 12 13 | 13.0
Fighting       | 1 2 3 5 6 8 9 10 11 12 14 15 16 | 16.7
Hexes          | 3 4 |  4.0
Translocations | 2 |  2.1
Short Blades   | 3 0 |  0.0
Shields        | 3 4 6 9 10 | 10.5
Fire Magic     | 1 6 8 5 |  5.1
Summonings     | 3 4 7 9 11 12 | 12.1
Ice Magic      | 4 0 |  0.0
Earth Magic    | 7 6 7 9 10 | 10.8
Evocations     | 3 6 8 9 |  9.1
Stealth        | |  1.7

Action                   |  1- 3 |  4- 6 |  7- 9 | 10-12 | 13-15 | 16-18 | 19-21 | 22-24 || total
-------------------------+-------+-------+-------+-------+-------+-------+-------+-------++-------
Melee: Unarmed           |    20 |       |       |       |       |       |       |       ||    20
       Dagger            |    15 |    25 |    18 |   479 |   579 |       |       |       ||  1116
       Tailslap          |     1 |       |       |    95 |   104 |    12 |       |       ||   212
       Staff             |       |       |       |       |    53 |    68 |     9 |     1 ||   131
Throw: Stone             |       |       |       |     1 |     1 |       |       |       ||     2
 Cast: Magic Dart        |   101 |   105 |   309 |   416 |   452 |    10 |       |       ||  1393
       Searing Ray       |     3 |    10 |    33 |    38 |    24 |     4 |       |       ||   112
       Dazzling Spray    |       |       |    10 |    19 |     6 |       |       |       ||    35
       Fulminant Prism   |       |       |     2 |    30 |    28 |     7 |    25 |     1 ||    93
       Force Lance       |       |       |       |    18 |   104 |    54 |    15 |       ||   191
       Fireball          |       |       |       |       |    54 |    45 |    47 |     4 ||   150
       Iskenderun's Myst |       |       |       |       |   342 |   684 |   320 |    19 ||  1365
       Summon Ice Beast  |       |       |       |       |     6 |       |       |       ||     6
       Iskenderun's Batt |       |       |       |       |     5 |     7 |     2 |       ||    14
       Blink             |       |       |       |       |     2 |     4 |     8 |     1 ||    15
       Iron Shot         |       |       |       |       |       |    97 |   268 |    66 ||   431
       Spellforged Servi |       |       |       |       |       |    40 |    65 |     8 ||   113
       Orb of Destructio |       |       |       |       |       |    51 |    68 |     2 ||   121
       Shadow Creatures  |       |       |       |       |       |       |    29 |     4 ||    33
Invok: Curse Item        |       |       |     2 |       |     3 |     1 |     2 |       ||     8
       Transfer Knowledg |       |       |       |       |       |     2 |     2 |       ||     4
       Scrying           |       |       |       |       |       |     1 |       |       ||     1
Evoke: Wand              |       |       |       |       |       |    21 |     2 |       ||    23
       Box of beasts     |       |       |       |       |       |     2 |       |       ||     2
       Fan of gales      |       |       |       |       |       |     1 |       |       ||     1
       Phantom mirror    |       |       |       |       |       |       |     1 |       ||     1
  Use: Scroll            |     3 |     4 |     1 |    15 |     9 |     9 |    11 |     2 ||    54
       Potion            |       |       |     7 |     3 |     2 |     8 |     1 |     2 ||    23
 Stab: Invisible         |       |       |       |     1 |       |       |       |       ||     1
       Sleeping          |       |       |       |     1 |     2 |       |       |       ||     3
       Distracted        |       |       |       |       |     2 |       |       |       ||     2
  Eat: Chunk             |     6 |     8 |    12 |    20 |    32 |    30 |    47 |     7 ||   162
       Ration            |       |       |     1 |     4 |     9 |    21 |    10 |       ||    45
Armor: Skin              |    20 |    18 |    59 |   142 |   204 |   430 |    97 |    10 ||   980
Dodge: Dodged            |    39 |    39 |   147 |   423 |   675 |   860 |   231 |    31 ||  2445
Block: Buckler           |       |       |       |   132 |   239 |   223 |       |       ||   594
       Shield            |       |       |       |       |       |   184 |   240 |    41 ||   465
